details: 'Pie(N)vsGG(H)'

« prev index next »

General information

Mini Map

Players

team 1
Random» NightElfROTS19 (gray | 84 APM | 818 actions | 09:46)
Hero icon 3 Warden
Ability icon 1 Shadow Strike
Ability icon 2 Blink

» actions
Assign group hotkey30
Basic commands33
Build / train33
ESC pressed1
Enter build submenu11
Enter hero's abilities submenu4
Right click342
Select / deselect183
Select group hotkey140
Use ability41
818 total
» units
Wisp14
Archer7
Huntress3
Glaive Thrower2
26 total
» upgrades
Strength of the Moon2
2 total
» buildings
Altar of Elders1
Moon Well5
Ancient of War2
Hunter's Hall1
Tree of Ages1
Ancient of Wonders1
11 total
» build order
00:06 Altar of Elders
00:18 Moon Well
00:25 Ancient of War
02:42 Moon Well
03:48 Moon Well
04:59 Hunter's Hall
06:13 Moon Well
06:17 Moon Well
06:19 Tree of Ages
07:37 Ancient of War
07:47 Ancient of Wonders
team 2
Random» HumanGuitar-God (red | 51 APM | 502 actions | 09:45)
Hero icon 1 Mountain King
Ability icon 1 Storm Bolt

» actions
Basic commands30
Build / train24
Enter build submenu16
Enter hero's abilities submenu1
Right click202
Select / deselect206
Use ability23
502 total
» units
Peasant6
Footman11
17 total
» upgrades
Swords1
Defend1
2 total
» buildings
Farm3
Altar of Kings1
Barracks3
Lumber Mill1
Blacksmith1
Arcane Vault2
Scout Tower2
Guard Tower2
Keep1
16 total
» build order
00:07 Farm
00:10 Altar of Kings
00:13 Barracks
00:49 Farm
01:32 Lumber Mill
02:49 Blacksmith
03:20 Barracks
05:11 Barracks
05:19 Arcane Vault
05:22 Arcane Vault
06:07 Scout Tower
06:38 Guard Tower
07:27 Scout Tower
07:37 Keep
07:56 Guard Tower
09:28 Farm